 Dungeon Sprint DCSS version 0.24-a0-784-g601f8f6d22 (webtiles) character file.

Game seed: 17170558405214747857, levelgen mode: deterministic

32 IC0N0FSIN the Covered (level 3, 0/33 HPs)
             Began as a Barachi Fighter on Oct 9, 2019.
             Splashed by an oklob sapling's acid (17 damage)
             ... in the Dungeon (Sprint IV: "Fedhas' Mad Dash").
             The game lasted 00:03:04 (604 turns).

IC0N0FSIN the Covered (Barachi Fighter)              Turns: 604, Time: 00:03:05

Health: 0/33       AC:  4    Str: 18    XL:     3   Next: 27%
Magic:  1/3        EV:  7    Int:  8    God:
Gold:   43         SH:  9    Dex: 11    Spells: 2/2 levels left

rFire    . . .     SeeInvis .   a - +0 long sword
rCold    . . .     Gourm    .   c - +0 shield
rNeg     . . .     Faith    .   b - +0 scale mail
rPois    .         Spirit   .   (no helmet)
rElec    .         Reflect  .   (no cloak)
rCorr    .         Harm     .   (no gloves)
MR       .....     NoTele   +   l - +0 pair of boots
Stlth    ..........             m - amulet of invisibility {+Inv}
HPRegen  0.11/turn              (no ring)
MPRegen  0.08/turn              (no ring)

@: corroded, very slightly contaminated, invisible, slow
A: +LOS, swims, slowness 1, strong legs 1
a: Hop


You were in the Dungeon.
You were not hungry.

You visited 1 branch You collected 43 gold pieces.

Inventory:

Hand Weapons
 a - a +0 long sword (weapon)
Armour
 b - a +0 scale mail (worn)
 c - a +0 shield (worn)
 l - a +0 pair of boots (worn)
Jewellery
 m - the amulet of invisibility (around neck) {+Inv}
   (You found it in the Dungeon)

   [amulet of nothing]

   It lets you turn invisible.
Scrolls
 k - a scroll of enchant armour {unknown}
Potions
 d - a potion of might
 e - a potion of curing
 g - a potion of heal wounds
 h - a potion of haste
 i - 2 potions of magic
 j - a potion of berserk rage
Comestibles
 f - a ration


   Skills:
 + Level 5.4 Fighting
 + Level 3.3 Long Blades
 + Level 5.5 Armour
 + Level 4.8 Shields


You had 2 spell levels left.
You didn't know any spells.
Your spell library was empty.

Dungeon Overview and Level Annotations

Branches:
Dungeon (1/1)

Altars:
Cheibriados
Gozag
Hepliaklqana
Makhleb
Nemelex Xobeh
Ru
Sif Muna
Trog
Xom
Yredelemnul
Beogh
Jiyva

Annotations:
D exclusion: 3 oklob saplings


Innate Abilities, Weirdness & Mutations

Shadows flee at your approach. (+LOS)
You can swim through water.
You cover ground slowly.
You can hop short distances.


Message History

You see here a worker ant corpse.
m - the amulet of invisibility {+Inv}
m - the amulet of invisibility (around neck) {+Inv}
Okay, then.
You open the door.
An oklob sapling priest comes into view.
Marking area around an oklob sapling as unsafe for travelling.
Found twelve altars.
You open the door.
An oklob sapling comes into view.
Marking area around an oklob sapling as unsafe for travelling.
Found 17 gold pieces.
There's nothing to open nearby.
You fade into invisibility!
You are very lightly contaminated with residual magic.
You feel quite a bit more hungry.
The oklob sapling spits acid at something.
The splash of acid hits you! The acid corrodes you!
You are splashed with acid!
Ouch! That really hurt!
You die...

#########################
#<...#.....#.$$..#.⌠._._.
#....'.....'.#†..'.._._._
#...†#.....#P#...#..._._P
###############@## ._._._
+...# ._._. #$P$# ####
#####


You could see an oklob sapling.

Vanquished Creatures
  A worker ant (D)
  A river rat (D)
  A rat (D)
  7 fungi (D)
10 creatures vanquished.

Notes
Turn   | Place    | Note
-------+----------+-------------------------------------------
     0 | D        | IC0N0FSIN the Barachi Fighter began the quest for the Orb.
     0 | D        | Reached XP level 1. HP: 18/18 MP: 1/1
   100 | D        | Reached XP level 2. HP: 12/26 MP: 2/2
   285 | D        | Noticed an oklob sapling
   472 | D        | Found the amulet of invisibility {+Inv}
   474 | D        | Reached skill level 5 in Fighting
   474 | D        | Reached skill level 5 in Armour
   474 | D        | Reached XP level 3. HP: 29/33 MP: 3/3
   600 | D        | Found an opulent altar of Gozag.
   600 | D        | Found a hazy altar of Hepliaklqana.
   600 | D        | Found a viscous altar of Jiyva.
   600 | D        | Found a burning altar of Makhleb.
   600 | D        | Found a roughly hewn altar of Beogh.
   600 | D        | Found a sparkling altar of Nemelex Xobeh.
   600 | D        | Found a snail-covered altar of Cheibriados.
   600 | D        | Found a sacrificial altar of Ru.
   600 | D        | Found a shimmering blue altar of Sif Muna.
   600 | D        | Found a bloodstained altar of Trog.
   600 | D        | Found a shimmering altar of Xom.
   600 | D        | Found a basalt altar of Yredelemnul.
   600 | D        | Noticed an oklob sapling priest
   602 | D        | Noticed an oklob sapling
   604 | D        | Splashed by an oklob sapling's acid

Levels and vault maps discovered:
D:        dungeon_sprint_fedhas [sprint_temple]

Skill      XL: |  1  2 |
---------------+-------+-----
Fighting       | 4 5 |  5.4
Armour         | 4 5 |  5.5
Shields        | 4 |  4.8
Long Blades    | 3 |  3.3

Action                   || total
-------------------------++-------
Melee: Long sword        ||    93
 Abil: Evoke Invisibilit ||     1
  Use: Scroll            ||     1
Armor: Scale mail        ||     3
Dodge: Dodged            ||     1
Block: Shield            ||     3
       Rpst.: Long sword ||     1

Table legend:
 A = Non-vault XP
 B = Vault XP
 C = Vault XP percentage of total XP
 D = Non-vault monster count
 E = Vault monster count
 F = Vault count percentage of total count
                 A         B        C        D         E       F
            +---------+---------+-------+---------+---------+-------
      Total |       0 |      47 | 100.0 |       0 |       3 | 100.0
            +---------+---------+-------+---------+---------+-------
          D |       0 |      47 | 100.0 |       0 |       3 | 100.0
            +---------+---------+-------+---------+---------+-------
